 Dungeon Crawl Stone Soup version 0.27-a0-819-g058290f16d (webtiles) character file.

Game seed: 1788198536902294082

13 rocky1 the Shield-Bearer (level 2, 0/19 HPs)
             Began as a Gargoyle Fighter on Mar 29, 2021.
             Slain by a hobgoblin (3 damage)
             ... on level 1 of the Dungeon.
             The game lasted 00:00:59 (627 turns).

rocky1 the Shield-Bearer (Gargoyle Fighter)          Turns: 627, Time: 00:00:59

Health: 0/19       AC:  9    Str: 19    XL:     2   Next: 37%
Magic:  2/2        EV:  7    Int:  8    God:
Gold:   14         SH:  9    Dex:  9    Spells: 1/1 levels left

rFire    . . .     SeeInvis .   a - +0 flail
rCold    . . .     Faith    .   c - +0 kite shield
rNeg     + . .     Spirit   .   b - +0 scale mail
rPois    ∞         Reflect  .   (no helmet)
rElec    +         Harm     .   (no cloak)
rCorr    .         Rampage  .   (no gloves)
Will     .....                  (no boots)
Stlth    ..........             (no amulet)
HPRegen  0.06/turn              (no ring)
MPRegen  0.08/turn              (no ring)

@: no status effects
A: AC +2, negative energy resistance 1, electricity resistance, torment
resistance 1, unbreathing 1, petrification resistance
a: no special abilities


You were on level 1 of the Dungeon.
You visited 1 branch of the dungeon, and saw 1 of its levels.

You collected 14 gold pieces.

Inventory:

Hand Weapons
 a - a +0 flail (weapon)
Missiles
 f - 11 poisoned darts (quivered)
Armour
 b - a +0 scale mail (worn)
 c - a +0 kite shield (worn)
Jewellery
 h - a ring of protection from fire
Scrolls
 e - a scroll of silence {unknown}
Potions
 d - a potion of might
 g - a potion of curing {unknown}
 i - a potion of lignification {unknown}


   Skills:
 - Level 3.2 Fighting
 * Level 2.7 Maces & Flails
 - Level 3.2 Armour
 + Level 3.5 Shields


You had one spell level left.
You didn't know any spells.
Your spell library was empty.

Dungeon Overview and Level Annotations

Branches:
Dungeon (1/15)

Altars:


Innate Abilities, Weirdness & Mutations

Your stone body is resilient. (AC +2)
You are immune to poison.
You resist negative energy. (rN+)
You are resistant to electric shocks. (rElec)
You are resistant to unholy torment.
You can survive without breathing.
You are immune to petrification.


Message History

You kill the goblin!
No target in view!
No target in view!
Things that are here:
a +0 dagger; a goblin corpse
Found 20 stones.
You see here 20 stones.
h - a ring of protection from fire
i - a purple potion You now have 14 gold pieces (gained 11).
You open the door.
There is an open door here. 2 hobgoblins come into view.
The hobgoblin shouts! x2
Throw: 12 darts (poison)
Press: ? - help, Q - select action Shift-Dir - straight line, f - hobgoblin
Aim: a hobgoblin (52% to hit)
You throw a poisoned dart. The poisoned dart hits the hobgoblin.
There are monsters nearby!
You barely miss the hobgoblin. The hobgoblin hits you.
Your shield and scale mail prevent you from hitting the hobgoblin.
The hobgoblin hits you.
You completely miss the hobgoblin.
The hobgoblin hits you but does no damage.
The hobgoblin barely misses you.
You hit the hobgoblin.
The hobgoblin is heavily wounded.
The hobgoblin hits you. You block the hobgoblin's attack.
You are too injured to fight recklessly!
You sock the hobgoblin!
You kill the hobgoblin!
The hobgoblin hits you.
* * * LOW HITPOINT WARNING * * *
You hit the hobgoblin.
The hobgoblin is moderately wounded.
The hobgoblin barely misses you.
You barely miss the hobgoblin.
The hobgoblin is moderately wounded.
The hobgoblin hits you.
You die...

#..#.##........#
#.......+
#....##........# .....
##.####........##### ....
...................#
...#.##........## .######
#######........# (......
......#........# .......
..###.######'#####.......
..###.### #....@g.#
..##....# #########
.###....# .# #....# .#
#....# .# #....# .#
#....#######
.###....##....########.
.......................


You could see a hobgoblin.

Vanquished Creatures
  2 ball pythons (D:1)
  2 bats (D:1)
  An endoplasm (D:1)
  2 goblins (D:1)
  2 hobgoblins (D:1)
  2 rats (D:1)
11 creatures vanquished.

Notes
Turn   | Place    | Note
-------+----------+-------------------------------------------
     0 | D:1      | rocky1 the Gargoyle Fighter began the quest for the Orb.
     0 | D:1      | Reached XP level 1. HP: 14/14 MP: 1/1
   237 | D:1      | Reached XP level 2. HP: 10/19 MP: 2/2
   627 | D:1      | Slain by a hobgoblin

Illustrated notes

Levels and vault maps discovered:
D:1:      mrwooster_arrival_statue_3, layout_basic

Action                   || total
-------------------------++-------
Melee: Flail             ||    44
Throw: Dart              ||     4
Armor: Scale mail        ||    25
Dodge: Dodged            ||    11
Block: Kite shield       ||    21

Table legend: (Time is in decaauts)
 A = Elapsed time spent in this place.
 B = Non-inter-level travel time spent in this place.
 C = Inter-level travel time spent in this place.
 D = Time resting spent in this place.
 E = Time spent auto-exploring this place.
 F = Levels seen in this place.
 G = Mean time per level.
                   A        B        C        D        E       F      G
               +--------+--------+--------+--------+--------+-----+--------+
         Total |    650 |    650 |      0 |    166 |    365 |   1 |  650.0 |
       Dungeon |    650 |    650 |      0 |    166 |    365 |   1 |  650.0 |
               +--------+--------+--------+--------+--------+-----+--------+

Top non-repeatable levels by time:
     D:1: 650 daAuts
